 Dungeon Crawl Stone Soup version 0.25.0-1-g7eea58d2a3 (webtiles) character file.

Game seed: 2815260580997883173

245 Herczeg the Skirmisher (level 6, -7/56 HPs)
             Began as a Hill Orc Fighter on June 13, 2020.
             Killed from afar by an orc wizard (10 damage)
             ... with a magic dart
             ... on level 4 of the Dungeon.
             The game lasted 00:21:13 (4246 turns).

Herczeg the Skirmisher (Hill Orc Fighter)           Turns: 4246, Time: 00:21:14

Health: -7/56      AC: 10    Str: 21    XL:     6   Next: 10%
Magic:  6/6        EV:  7    Int: 11    God:
Gold:   155        SH:  9    Dex: 10    Spells: 5/5 levels left

rFire    . . .     SeeInvis .   a - +0 war axe
rCold    . . .     Gourm    .   c - +0 kite shield
rNeg     . . .     Faith    .   b - +0 scale mail
rPois    .         Spirit   .   k - +2 helmet {Int+3}
rElec    .         Reflect  .   o - scarf {+Inv}
rCorr    .         Harm     .   (no gloves)
MR       .....                  (no boots)
Stlth    ..........             (no amulet)
HPRegen  0.18/turn              (no ring)
MPRegen  0.10/turn              (no ring)

@: no status effects
A: no striking features
a: Evoke Invisibility


You were on level 4 of the Dungeon.
You were not hungry.

You visited 1 branch of the dungeon, and saw 4 of its levels.

You collected 155 gold pieces.

Inventory:

Hand Weapons
 a - a +0 war axe (weapon)
Armour
 b - a +0 scale mail (worn)
 c - a +0 kite shield (worn)
 k - a +2 helmet of intelligence (worn)
 o - a scarf of invisibility (worn)
Jewellery
 l - an uncursed amulet of magic regeneration
Scrolls
 h - a scroll of magic mapping {unknown}
 j - a scroll of amnesia
 t - a scroll of teleportation
 u - a scroll of enchant weapon {unknown}
Potions
 d - 2 potions of might
 e - 2 potions of degeneration {unknown}
 i - a potion of ambrosia {unknown}
 m - a potion of brilliance {unknown}
 n - a potion of mutation {unknown}
 p - a potion of stabbing {unknown}
 r - a potion of lignification {unknown}
 s - a potion of curing
Comestibles
 f - 7 rations
 g - 3 chunks of flesh


   Skills:
 + Level 5.0 Fighting
 + Level 4.6 Axes
 + Level 4.7 Armour
 + Level 4.5 Shields


You had 5 spell levels left.
You didn't know any spells.
Your spell library was empty.

Dungeon Overview and Level Annotations

Branches:
Dungeon (4/15)
 Temple: D:4-7

Altars:
Makhleb
Yredelemnul

Annotations:
D:4 Grinder


Message History

You feel stronger.
You feel a bit more experienced.
The orc wizard gestures at you while chanting.
The puff of frost misses you.
The orc wizard points at you and mumbles some strange words.
The puff of flame hits you.
* * * LOW HITPOINT WARNING * * *
Grinder blinks!
You block the orc wizard's attack. The orc wizard casts a spell at you.
You block the puff of frost. The orc wizard casts a spell at you.
The magic dart hits you but does no damage.
The orc wizard hits you with a +0 dagger.
* * * LOW HITPOINT WARNING * * *
The orc wizard barely misses you.
The orc wizard is no longer moving quickly.
The orc wizard casts a spell at you. The magic dart hits you!
You die...

#.##.#.#.# #o# #.# #.##.#.#.#
#.###### ###.###.##.#.#.#
#o......
........##.#.#.####.######
..........................
##.###.####.#.####o#####. #(# #.#
#.#.# #.#
#.###.####.#.####.#####.
##.##.####......@.o.o...o........
...##......###.####.#############
#####.####.# #.# #.# #รท# #.# ###
#.# #.# #.# #.# #<# #.# ### ##


You could see an orc wizard and an orc.

Vanquished Creatures
  An iguana (D:4)
  A worker ant (D:2)
  8 adders
  2 oozes
  3 worms
  4 dart slugs
  2 leopard geckos
  4 orcs
  3 giant cockroaches
  6 goblins
  7 hobgoblins
  10 jackals
  A ball python (D:3)
  3 bats
  6 frilled lizards
  6 kobolds
  A leopard gecko skeleton (D:4)
  4 rats
72 creatures vanquished.

Vanquished Creatures (others)
  An orc wizard (D:4)
  4 toadstools (D:1)
5 creatures vanquished.

Grand Total: 77 creatures vanquished

Notes
Turn   | Place    | Note
-------+----------+-------------------------------------------
     0 | D:1      | Herczeg the Hill Orc Fighter began the quest for the Orb.
     0 | D:1      | Reached XP level 1. HP: 19/19 MP: 1/1
   160 | D:1      | Reached XP level 2. HP: 22/27 MP: 2/2
   591 | D:1      | Reached skill level 4 in Fighting
   804 | D:1      | Reached XP level 3. HP: 33/33 MP: 3/3
   872 | D:2      | You fall into a shaft and drop 1 floor!
  1540 | D:3      | Reached XP level 4. HP: 40/40 MP: 4/4
  2005 | D:3      | Found a burning altar of Makhleb.
  2775 | D:2      | Reached XP level 5. HP: 47/47 MP: 5/5
  2844 | D:2      | Found a faded altar of an unknown god.
  3399 | D:2      | Found a basalt altar of Yredelemnul.
  4196 | D:4      | Noticed Grinder
  4208 | D:4      | Paralysed by Grinder for 7 turns
  4228 | D:4      | Reached skill level 5 in Fighting
  4228 | D:4      | Reached XP level 6. HP: 6/56 MP: 6/6
  4233 | D:4      | HP: 2/56 [orc wizard/puff of flame (5)]
  4243 | D:4      | HP: 2/56 [orc wizard/+0 dagger (1)]
  4246 | D:4      | Killed from afar by an orc wizard

Illustrated notes

Levels and vault maps discovered:
D:1:      ldierk_walled_garden_2, layout_basic, minivault_23
D:2:      layout_loops_corners, lemuel_crystal_altar,
          chequers_ecumenical_altar_island
D:3:      minmay_skewed_foursquare, layout_basic, old_standard_altar,
          first_ration
D:4:      layout_basic, lemuel_coloured_pillars_altar,
          minmay_temple_entry_glassed_door, minmay_tree_intersection,
          minmay_bisected, uniq_grinder

Skill      XL: |  1  2  3  4  5 |
---------------+----------------+-----
Axes           | 3 4 |  4.6
Fighting       | 4 5 |  5.0
Armour         | 4 |  4.7
Shields        | 4 |  4.5

Action                   |  1- 3 |  4- 6 || total
-------------------------+-------+-------++-------
Melee: War axe           |    96 |   263 ||   359
  Use: Scroll            |     3 |     3 ||     6
       Potion            |       |     1 ||     1
  Eat: Chunk             |     2 |     9 ||    11
Armor: Scale mail        |    42 |   128 ||   170
Dodge: Dodged            |    35 |    86 ||   121
Block: Kite shield       |    53 |   156 ||   209
